AoeStats
← Acloudis

Black Forest

504656825Analyzed
2v2 RM · 27d ago on Sep 6, 2026· 39m 40s· 4 players
Game mode
Random Map
Map size
Medium (4 player)
Population
200
Speed
Normal
Resources
Standard
Victory
Conquest
Starting age
Dark Age
Ending age
Imperial Age
RankedLock teamsTeams togetherTeam positionsShared explorationLock speedFull tech treeHidden civsTurbo modeCheats
Victory
Defeat
🇲🇽 Armenians · Mexico
1173
+7
🇨🇱 Chinese · Chile
732
+23
🇺🇸 Bohemians · United States
937
-15
🇺🇸 Goths · United States
937
-15
Hot Line Ming [No Mic No Sound]
17:28 Feudal Age
20:07 Double-Bit Axe
21:33 Wheelbarrow
24:42 Castle Age
24:55 Fletching
25:07 Padded Archer Armor
25:56 Bow Saw
25:30 Horse Collar
26:59 Heavy Plow
26:52 Loom
29:20 Fletching
32:10 Wheelbarrow
35:09 Elite Skirmisher
36:16 Wagenburg Tactics
38:07 Hand Cart
37:38 Town Watch
39:00 Padded Archer Armor
38:56 Bodkin Arrow
40:28 Chemistry
Acloudis
5:49 Loom
11:44 Feudal Age
12:12 Double-Bit Axe
12:10 Horse Collar
14:54 Gold Mining
23:12 Castle Age
22:44 Wheelbarrow
23:12 Stone Mining
24:12 Bow Saw
24:04 Heavy Plow
25:39 Squires
26:18 Masonry
27:13 Stone Shaft Mining
27:13 Hand Cart
28:07 Town Watch
29:24 Pikeman
30:23 Scale Mail Armor
30:34 Forging
33:37 Anarchy
34:51 Chain Mail Armor
35:12 Iron Casting
38:34 Imperial Age
36:41 Elite Skirmisher
37:38 Fletching
37:49 Padded Archer Armor
38:59 Murder Holes
39:25 Ballistics
DrJorgexx
0:28 Loom
13:23 Feudal Age
14:20 Double-Bit Axe
17:14 Castle Age
16:18 Horse Collar
16:30 Gold Mining
21:36 Stone Mining
23:38 Heavy Plow
24:41 Wheelbarrow
24:31 Bow Saw
27:33 Gold Shaft Mining
31:41 Imperial Age
29:48 Scale Mail Armor
29:45 Man-at-Arms
30:11 Gambesons
30:28 Squires
31:07 Hand Cart
30:48 Town Watch
30:51 Long Swordsman
31:17 Arson
32:03 Chain Mail Armor
31:59 Forging
32:04 Masonry
32:00 Town Patrol
31:41 Two-Handed Swordsman
32:04 Capped Ram
33:40 Plate Mail Armor
33:56 Iron Casting
34:02 Conscription
34:16 Fereters
34:17 Champion
36:02 Blast Furnace
34:54 Fletching
36:07 Chemistry
35:28 Ballistics
35:04 Murder Holes
35:09 Siege Ram
36:35 Bodkin Arrow
Mitik0
0:26 Loom
18:26 Feudal Age
18:55 Double-Bit Axe
20:34 Town Watch
24:45 Castle Age
25:20 Horse Collar
26:18 Heavy Plow
27:43 Bow Saw
28:11 Gold Mining
29:58 Caravan
38:49 Imperial Age
37:40 Gold Shaft Mining
38:22 Wheelbarrow
39:33 Hand Cart
39:46 Hand Cart
40:35 Chemistry
39:56 Ballistics
Connection lost

Rejoining the realm…

Still unreachable

The connection could not be restored.

Session expired

The server has moved on; the page needs a fresh start.